 Dungeon Crawl Stone Soup version 0.20.0-6-gd3061e9 (webtiles) character file.

156 MDvedh the Chopper (level 5, 0/32 HPs)
             Began as a Tengu Fighter on May 28, 2017.
             Succumbed to an orc wizard's poison
             ... on level 2 of the Dungeon.
             The game lasted 00:03:20 (3038 turns).

MDvedh the Chopper (Tengu Fighter)                  Turns: 3038, Time: 00:03:21

Health: 0/32       AC:  9    Str: 17    XL:     5   Next: 38%
Magic:  6/6        EV:  7    Int:  9    God:
Gold:   125        SH:  9    Dex: 13    Spells: 4/4 levels left

rFire    . . .     SeeInvis .   a - +0 war axe
rCold    . . .     Gourm    .   c - +0 shield
rNeg     . . .     Faith    .   b - +0 scale mail
rPois    .         Spirit   .   (helmet restricted)
rElec    .         Reflect  .   n - +0 cloak
rCorr    .         Harm     .   t - +0 pair of gloves
MR       .....                  (boots unavailable)
Stlth    ..........             (no amulet)
Regen    0.1/turn               (no ring)
MPRegen  0.1/turn               (no ring)

@: lethally poisoned (0 -> -5)
A: beak, talons 3, able to fly 1
a: Fly


You were on level 2 of the Dungeon.
You were not hungry.

You visited 1 branch of the dungeon, and saw 3 of its levels.

You collected 125 gold pieces.

Inventory:

Hand Weapons
 a - a +0 war axe (weapon)
Armour
 b - a +0 scale mail (worn)
 c - a +0 shield (worn)
 n - a +0 cloak (worn)
 t - a +0 pair of gloves (worn)
Jewellery
 s - a +4 ring of dexterity {unknown}
 u - a cursed amulet of inaccuracy {unknown}
Scrolls
 e - a scroll of fog {unknown}
 h - a scroll of noise {unknown}
 i - 3 scrolls of random uselessness {unknown}
 l - 2 scrolls of teleportation {unknown}
 o - a scroll of identify {unknown}
 q - a scroll of enchant weapon {unknown}
Potions
 d - a potion of might
 g - a potion of brilliance {unknown}
 j - 2 potions of lignification {unknown}
 m - a potion of invisibility {unknown}
 p - a potion of cancellation {unknown}
 r - a potion of agility {unknown}
Comestibles
 k - a meat ration


   Skills:
 - Level 3.0 Fighting
 + Level 5.5 Axes
 - Level 3.2 Armour
 + Level 1.4 Dodging
 + Level 0.7 Stealth
 - Level 3.0 Shields


You had 4 spell levels left.
You didn't know any spells.

Dungeon Overview and Level Annotations

Branches:
Dungeon (3/15)

Altars:


Innate Abilities, Weirdness & Mutations

You have a beak for a mouth.
You have claws for feet.
You can fly.


Message History

The tomahawk hits you but does no damage.
The orc priest looks satisfied for a moment.
You closely miss the orc wizard.
You claw the orc wizard, but do no damage.
The orc wizard hits you but does no damage. x2
You are poisoned.
The orc hits you with a flail!
You barely miss the orc wizard. You completely miss the orc.
You feel sick. You block the orc wizard's attack.
The orc hits you with a flail.
The orc priest invokes the aid of Beogh against you.
Beogh smites you!
* * * LOW HITPOINT WARNING * * *
You are too injured to fight recklessly!
Unknown command.
* * * LOW HITPOINT WARNING * * *
You feel sick.
The orc wizard begins to cast a cantrip, but forgets the words!
The orc hits you but does no damage.
You climb upwards.
You die...

##.#......##### #######
......).......# #.....#
##.#......###.# #.###.#
##.#......# #.# #.#
#.####### ##.########
#.#####.###.......# ##.#
#.##.(......#####.#
##.##########.##........#
#.#
##..........#.#.oo......#
#.#
###########.#.#<@.......#
#.#
..............#([.......#
#.#
##.#.###......(.........#
###
##........##..#.#......##
...#.###...............#
##.#.###....###........##
##.#......รท.............#
.#.#.###.#..............#
...#..g....###....#####.#


You could see an orc wizard and an orc.

Vanquished Creatures
  An orc wizard (D:3)
  4 gnolls (D:2)
  2 adders (D:3)
  A worm (D:3)
  A dart slug (D:1)
  3 leopard geckos
  4 orcs
  2 giant cockroaches (D:2)
  8 goblins
  7 hobgoblins
  7 jackals
  A quokka (D:2)
  6 bats
  2 frilled lizards
  10 kobolds
  4 rats
63 creatures vanquished.

Notes
Turn   | Place    | Note
-------+----------+-------------------------------------------
     0 | D:1      | MDvedh the Tengu Fighter began the quest for the Orb.
     0 | D:1      | Reached XP level 1. HP: 14/14 MP: 2/2
    82 | D:1      | Reached skill level 3 in Axes
    82 | D:1      | Reached XP level 2. HP: 19/19 MP: 3/3
   519 | D:1      | Reached XP level 3. HP: 23/23 MP: 4/4
  1056 | D:2      | Reached skill level 4 in Axes
  1525 | D:2      | Reached XP level 4. HP: 24/28 MP: 5/5
  2141 | D:3      | Reached skill level 5 in Axes
  2141 | D:3      | Reached skill level 1 in Dodging
  2321 | D:3      | Gained mutation: You can fly. [Tengu growth]
  2321 | D:3      | Reached XP level 5. HP: 24/32 MP: 6/6
  3037 | D:3      | HP: 1/32 [poisoned by an orc wizard]
  3038 | D:2      | Succumbed to an orc wizard's poison

Skill      XL: |  1  2  3  4 |
---------------+-------------+-----
Axes           | 3 4 5 |  5.5
Dodging        | 1 |  1.4
Fighting       | |  3.0
Armour         | |  3.2
Stealth        | |  0.7
Shields        | |  3.0

Action                   |  1- 3 |  4- 6 || total
-------------------------+-------+-------++-------
Melee: War axe           |    82 |    81 ||   163
       Kick              |    22 |    22 ||    44
       Peck              |    13 |    13 ||    26
  Eat: Chunk             |     1 |     4 ||     5
       Bread ration      |       |     1 ||     1
Armor: Scale mail        |    40 |    59 ||    99
Dodge: Dodged            |    21 |    33 ||    54
Block: Shield            |    38 |    53 ||    91
